 Dungeon Crawl Stone Soup version 0.29-a0-270-g1586fc07ea (webtiles) character file.

Game seed: 16640907389841518108

186 Hubjo the Distorting Demonspawn (level 5, -2/41 HPs)
             Began as a Demonspawn Abyssal Knight on Mar 4, 2022.
             Was a Believer of Lugonu.
             Slain by Edmund
             ... wielding a +2 dire flail of protection
              (8 damage)
             ... on level 4 of the Dungeon on Mar 7, 2022.
             The game lasted 00:06:07 (3480 turns).

Hubjo the Distorting Demonspawn (DsAK)              Turns: 3480, Time: 00:06:08

Health: -2/41      AC: 12    Str: 13    XL:     5   Next: 38%
Magic:  8/8        EV: 12    Int: 12    God:    Lugonu [**....]
Gold:   194        SH:  0    Dex: 15    Spells: 4/4 levels left

rFire   . . .      SeeInvis .   o - +6 club (spect)
rCold   . . .      Faith    .   (no shield)
rNeg    . . .      Spirit   .   b - +0 leather armour
rPois   .          Reflect  .   (helmet restricted)
rElec   .          Harm     .   (no cloak)
rCorr   .          Rampage  .   (no gloves)
Will    .....                   (no boots)
Stlth   +.........              (no amulet)
HPRegen 0.13/turn               (no ring)
MPRegen 0.11/turn               (no ring)

@: sanguine armoured
A: horns 1, sanguine armour 2, demonic magic 1
a: Renounce Religion, Depart the Abyss, Bend Space


You were on level 4 of the Dungeon.
You worshipped Lugonu.
Lugonu was pleased with you.
You visited 1 branch of the dungeon, and saw 4 of its levels.
You visited the Abyss 1 time.

You collected 194 gold pieces.

Inventory:

Hand Weapons
 a - a +1 falchion
 g - a +4 mace
 o - a +6 spectral club (weapon)
Armour
 b - a +0 leather armour (worn)
Wands
 n - a wand of digging (3)
Scrolls
 h - a scroll of teleportation {unknown}
 l - 2 scrolls of fog
Potions
 c - 3 potions of lignification {unknown}
 d - a potion of magic {unknown}
 e - a potion of resistance {unknown}
 f - 2 potions of ambrosia
 i - 2 potions of curing
 j - a potion of mutation {unknown}
 k - a potion of degeneration {unknown}


   Skills:
 + Level 3.6 Fighting
 - Level 1.8 Long Blades
 * Level 2.1 Maces & Flails
 + Level 2.3 Armour
 * Level 2.4 Dodging
 * Level 4.1 Invocations


You had 4 spell levels left.
You didn't know any spells.
Your spell library contained the following spells:

 Spells                   Type           Power      Damage    Failure   Level
 Beastly Appendage        Tmut           0%         N/A       38%         1
 Corpse Rot               Necr/Air       0%         N/A       54%         2
 Poisonous Vapours        Pois/Air       0%         N/A       54%         2
 Wereblood                Tmut           0%         N/A       54%         2
 Spider Form              Tmut/Pois      0%         N/A       77%         3


Dungeon Overview and Level Annotations

Branches:
Dungeon (4/15)
 Temple: D:4-7

Altars:
Dithmenos
Vehumet
Zin

Shops:
D:3 (

Annotations:
D:4 Edmund


Innate Abilities, Weirdness & Mutations

You have a pair of small horns on your head.
When seriously injured, your blood forms thick armour. (AC +9)
Spells you cast may paralyse adjacent enemies.


Message History

Done exploring.
Done exploring.
Done exploring.
Done exploring.
Done exploring.
Done exploring.
There is an entrance to Misoop's Weapon Emporium here.
There is a stone staircase leading down here.
You climb downwards.
Found 10 gold pieces.
There is a stone staircase leading up here.
Okay, then.
You don't know any spells.
As you read the scroll of identify, it crumbles to dust.
i - 2 potions of curing You hit Edmund but do no damage.
You headbutt Edmund.
Edmund is lightly wounded.
Your +6 spectral club hits Edmund!
Edmund hits you with a +2 dire flail of protection!
You hit Edmund but do no damage. You headbutt Edmund, but do no damage.
Edmund is moderately wounded.
Your +6 spectral club hits Edmund!
Edmund hits you with a +2 dire flail of protection!
Your blood congeals into armour.
You closely miss Edmund. Your headbutt misses Edmund.
Edmund is heavily wounded.
Your +6 spectral club hits Edmund.
Edmund hits you with a +2 dire flail of protection!
* * * LOW HITPOINT WARNING * * *
You barely miss Edmund. You headbutt Edmund, but do no damage.
Edmund is heavily wounded.
Your +6 spectral club hits Edmund!
Edmund hits your +6 spectral club with a +2 dire flail of protection!
Your spectral weapon shares its damage with you!
* * * LOW HITPOINT WARNING * * *
You barely miss Edmund. You headbutt Edmund, but do no damage.
Edmund is severely wounded.
Your +6 spectral club hits Edmund!
Edmund hits you but does no damage.
Edmund hits you with a +2 dire flail of protection!
You die...

#...
#...
#...
#...
#...
#...###
#.....#
#...@.#
#..(@.#
#..$..#
#.....#
#.....+
#....##
#....#
#....#


You could see Edmund and a friendly +6 spectral club (summoned).

Vanquished Creatures
  Jessica (D:2)
  Ijyb (D:3)
  Natasha (thrice) (D:2)
  2 adders (D:2)
  A dart slug (D:3)
  A ball python (D:3)
  3 bats
  6 endoplasms
  2 giant cockroaches (D:1)
  2 goblins (D:1)
  3 hobgoblins
  4 jackals (D:2)
  2 quokkas
  4 frilled lizards
  10 rats (D:2)
45 creatures vanquished.

Vanquished Creatures (others)
  A jelly (Abyss:1)
1 creature vanquished.

Grand Total: 46 creatures vanquished

Notes
Turn   | Place    | Note
-------+----------+-------------------------------------------
     0 | Abyss:1  | Hubjo the Demonspawn Abyssal Knight began the quest for the
                  | Orb.
     0 | Abyss:1  | Reached XP level 1. HP: 18/18 MP: 2/2
   116 | Abyss:1  | Killed a jelly
   118 | Abyss:1  | Noticed a small abomination
   119 | D:1      | Escaped the Abyss
   486 | D:1      | Reached skill level 1 in Dodging
   559 | D:1      | Reached * piety under Lugonu
   560 | D:1      | Gained mutation: When seriously injured, your blood forms
                  | armour. (AC +9) [demonic ancestry]
   560 | D:1      | Reached XP level 2. HP: 14/24 MP: 4/4
   887 | D:1      | Found a faded altar of an unknown god.
  1087 | D:2      | Reached skill level 3 in Invocations
  1412 | D:2      | Noticed Natasha
  1422 | D:2      | Killed Natasha
  1423 | D:2      | Reached skill level 1 in Maces & Flails
  1423 | D:2      | Gained mutation: You have a pair of small horns on your
                  | head. [demonic ancestry]
  1423 | D:2      | Reached XP level 3. HP: 12/29 MP: 5/5
  1681 | D:2      | Gained mutation: Spells you cast may paralyse adjacent
                  | enemies. [demonic ancestry]
  1681 | D:2      | Reached XP level 4. HP: 11/35 MP: 6/6
  1943 | D:2      | Found a radiant altar of Vehumet.
  1965 | D:2      | Upgraded the game from 0.29-a0-243-g602b31c20e to
                  | 0.29-a0-270-g1586fc07ea
  1994 | D:2      | Reached ** piety under Lugonu
  2004 | D:2      | Noticed Natasha
  2012 | D:2      | Killed Natasha
  2177 | D:2      | Noticed Natasha
  2185 | D:2      | Killed Natasha
  2413 | D:2      | Noticed Jessica
  2420 | D:2      | Killed Jessica
  2421 | D:2      | Reached skill level 4 in Invocations
  2421 | D:2      | Gained mutation: When seriously injured, your blood forms
                  | thick armour. (AC +9) [demonic ancestry]
  2421 | D:2      | Reached XP level 5. HP: 22/41 MP: 6/8
  2731 | D:3      | Found Misoop's Weapon Emporium.
  2998 | D:3      | Found a shadowy altar of Dithmenos.
  3128 | D:3      | Noticed Ijyb
  3141 | D:3      | Killed Ijyb
  3473 | D:4      | Noticed Edmund
  3480 | D:4      | Slain by Edmund

Illustrated notes

Levels and vault maps discovered:
D:1:      psy_arrival_conway, layout_rooms, chequers_ecumenical_altar_grove
D:2:      layout_basic, basic_altar, minmay_rat_gold_closets, uniq_natasha,
          uniq_jessica
D:3:      layout_loops_cross, amethyst_overflow_temple_binary, serial_shops,
          nicolae_shop_bloodbath_and_beyond, uniq_ijyb
D:4:      nicolae_cairo_tiling_very_big, layout_gridville, uniq_edmund

Skill      XL: |  1  2  3  4  5 |
---------------+----------------+-----
Dodging        | 1 2 |  2.4
Invocations    | 3 4 |  4.1
Maces & Flails | 1 2 |  2.1
Armour         | 2 |  2.3
Fighting       | |  3.6
Long Blades    | |  1.8

Action                   |  1- 3 |  4- 6 || total
-------------------------+-------+-------++-------
Melee: Falchion          |    17 |       ||    17
       Mace              |    62 |    48 ||   110
       Headbutt          |     5 |    14 ||    19
       Club              |       |     5 ||     5
Invok: Depart the Abyss  |     1 |       ||     1
  Use: Scroll            |     2 |     2 ||     4
 Stab: Sleeping          |       |     1 ||     1
Armor: Leather armour    |    24 |     7 ||    31
Dodge: Dodged            |    52 |    18 ||    70

Table legend: (Time is in decaauts)
 A = Elapsed time spent in this place.
 B = Non-inter-level travel time spent in this place.
 C = Inter-level travel time spent in this place.
 D = Time resting spent in this place.
 E = Time spent auto-exploring this place.
 F = Levels seen in this place.
 G = Mean time per level.
                   A        B        C        D        E       F      G
               +--------+--------+--------+--------+--------+-----+--------+
         Total |   3523 |   3451 |     72 |      0 |   3062 |   5 |  704.6 |
       Dungeon |   3404 |   3332 |     72 |      0 |   2944 |   4 |  851.0 |
         Abyss |    119 |    119 |      0 |      0 |    118 |   1 |  119.0 |
               +--------+--------+--------+--------+--------+-----+--------+

Top non-repeatable levels by time:
     D:2: 1564 daAuts
     D:1: 944 daAuts
     D:3: 888 daAuts
 Abyss:1: 119 daAuts
     D:4: 7 daAuts
